[Event "Turkey IS Bank Super League 2017"]
[Site "Darica-Kocaeli"]
[Date "2017.07.30"]
[Round "6"]
[White "Ertan, Can"]
[Black "Selbes, Tarik"]
[Result "1-0"]
[ECO "C91"]
[WhiteElo "2377"]
[BlackElo "2260"]
[Annotator "NA"]
[PlyCount "95"]
[EventType "team-tourn"]
[EventCountry "TUR"]
[SourceTitle "playchess.com"]
[Source "ChessBase"]
[SourceQuality "1"]
[TimeControl "40/5400+30:1800+30"]

1. e4 e5 2. Nf3 Nc6 3. Bb5 a6 4. Ba4 Nf6 5. O-O Be7 6. Re1 b5 7. Bb3 d6 8. c3 O-O 9. d4 Bg4 10. Be3 exd4 11. cxd4 d5 12. e5 Ne4 13. Nc3 Nxc3 14. bxc3 Qd7 {[%emt 0:00:30] C91: Closed Ruy Lopez: 7...d6 8 c3 0-0 9 d4} (14... Na5 15. Bc2 Nc4 16. Qd3 g6 17. Bh6 Re8 18. h3 Bf5 19. Qe2 Bxc2 20. Qxc2 Qd7 21. Nh2 a5 22. Ng4 Ra6 23. f4 {1-0 (55) Areshchenko,A (2714)-Melkumyan,H (2634) Germany 2013}) 15. Bc2 (15. h3 $5 Bf5 16. Bg5 $11) 15... Bf5 16. Bg5 Bxc2 17. Qxc2 Nd8 18. a4 Ne6 19. Bxe7 Qxe7 20. Qa2 Qd8 21. Reb1 c6 22. Rb3 $146 Rc8 23. Qe2 Qd7 24. axb5 axb5 25. Rba3 Nf4 26. Qe3 Qg4 27. g3 Ne6 28. Ra7 h6 29. Kg2 c5 30. Rb7 {[%emt 0:03:30] [#]} (30. dxc5 $11 Rxc5 31. Ra8) 30... b4 $1 31. h3 Qe4 32. Qxe4 dxe4 33. Ne1 ({White has to play} 33. Nh4 $1 $15) 33... bxc3 34. d5 Nd4 35. e6 Rfd8 36. exf7+ Kf8 37. Rc1 Rxd5 38. Rxc3 Rf5 39. Re3 Rxf7 40. Rxf7+ Kxf7 41. Rxe4 Kf6 $11 (41... Re8 $5 42. Rf4+ Ke7 $11) 42. Nd3 Ne6 43. Ne5 Kf5 44. f3 Ra8 45. Nd7 Ra2+ 46. Kf1 Ng5 47. Rf4+ Kg6 48. Nf8+ 1-0

[Event "Turkey IS Bank Super League 2017"]
[Site "Darica-Kocaeli"]
[Date "2017.07.30"]
[Round "6"]
[White "Osmak, Iulija"]
[Black "Karavade, Eesha"]
[Result "1/2-1/2"]
[ECO "D02"]
[WhiteElo "2353"]
[BlackElo "2397"]
[Annotator "NA"]
[PlyCount "77"]
[EventType "team-tourn"]
[EventCountry "TUR"]
[SourceTitle "playchess.com"]
[Source "ChessBase"]
[SourceQuality "1"]
[TimeControl "40/5400+30:1800+30"]

1. d4 d5 2. Bf4 Nf6 3. e3 e6 4. Nf3 Bd6 5. Bg3 O-O 6. Nbd2 c5 7. c3 b6 8. Bd3 Bb7 9. Ne5 Nc6 10. f4 {[%emt 0:00:30] D02: 1 d4 d5 2 Nf3 sidelines, including 2...Nf6 3 g3 and 2...Nf6 3 Bf4} (10. O-O Qc7 11. f4 Ne7 12. Qb1 Qc8 13. Bh4 Nf5 14. Bxf5 exf5 15. Bxf6 gxf6 16. Nef3 Qe6 17. Re1 Ba6 18. Nh4 cxd4 19. exd4 {1-0 (28) Korobov,A (2692)-Dominguez Perez,L (2739) Doha 2016}) 10... Ne7 11. Qb1 g6 {[%emt 0:01:30] LiveBook: 10 Games} 12. O-O Nf5 13. Bf2 Be7 14. Qe1 $146 ({Predecessor:} 14. a4 Nd6 15. a5 Rc8 16. axb6 axb6 17. Rd1 Qc7 {½-½ (29) Neef,M (2443)-Krishna,C (2404) Marianske Lazne 2017}) 14... Nd6 15. Bh4 Nfe4 16. Bxe7 Qxe7 17. Qe2 f6 18. Ng4 Nxd2 19. Qxd2 Kg7 20. Rae1 Rad8 21. Nf2 e5 22. fxe5 fxe5 23. Ng4 e4 24. Be2 c4 25. Ne5 Nf7 26. Nxf7 Rxf7 27. Rxf7+ Kxf7 28. Rf1+ Kg7 29. Bd1 Rf8 30. Rxf8 Qxf8 31. Qe1 Qd6 $11 32. Qh4 Bc8 33. g3 Qf6 34. Qf4 Qxf4 35. gxf4 Bd7 36. Kf2 Kf6 37. h4 h5 38. Kg3 b5 39. a3 1/2-1/2

[Event "Turkey IS Bank Super League 2017"]
[Site "Darica-Kocaeli"]
[Date "2017.07.30"]
[Round "6"]
[White "Gokerkan, Cem Kaan"]
[Black "Uzumcu, Ahmet Utku"]
[Result "1/2-1/2"]
[ECO "B94"]
[WhiteElo "2321"]
[BlackElo "2223"]
[Annotator "ChessBase"]
[PlyCount "177"]
[EventType "team-tourn"]
[EventCountry "TUR"]
[SourceTitle "playchess.com"]
[Source "ChessBase"]
[SourceQuality "1"]
[TimeControl "40/5400+30:1800+30"]

1. e4 c5 2. Nf3 d6 3. d4 cxd4 4. Nxd4 Nf6 5. Nc3 a6 6. Bg5 Nbd7 7. Qe2 h6 8. Bxf6 Nxf6 9. O-O-O Qc7 10. h3 g6 11. g4 e5 12. Nb3 Be7 13. Kb1 O-O 14. Qd2 Kg7 15. f4 {[%emt 0:34:30] 0} b5 {[%emt 0:33:00] 0} 16. g5 {[%emt 0:07:30] 0} hxg5 17. fxg5 Nh5 18. Nd5 Qd8 19. Rg1 Be6 20. Nxe7 Qxe7 21. Qxd6 Qxd6 22. Rxd6 Rad8 23. Rxd8 Rxd8 24. Kc1 Bxb3 25. axb3 Rd4 26. Bd3 Nf4 27. Rg3 Rxe4 28. Bxe4 Ne2+ 29. Kd2 Nxg3 30. Bb7 a5 31. c4 bxc4 32. bxc4 Kf8 33. c5 Ke7 34. Kd3 Nh5 {[%emt 0:20:30] 7} 35. Ke4 Nf4 {[%emt 0:00:30] ]} 36. Kxe5 Nd3+ {[%emt 0:02:30] 9} 37. Kd4 Nxb2 38. h4 a4 39. Bd5 a3 40. c6 {[%emt 0:00:00] ]} Na4 41. c7 Nb6 42. Kc5 Nc8 {[%emt 0:02:30] 8} 43. Kc6 Ke8 {[%emt 0:01:30] ]} 44. Ba2 Ke7 {[%emt 0:01:30] 1} 45. Bc4 Ke8 {[%emt 0:02:30] 2} 46. Bb3 Ke7 {[%emt 0:00:30] 7} 47. Bc4 Ke8 {[%emt 0:02:30] 7} 48. Kc5 Ke7 {[%emt 0:01:30] 4} 49. Kb4 Nd6 {[%emt 0:00:30] 9} 50. Kc5 Nc8 {[%emt 0:00:30] 3} 51. Kc6 Ke8 {[%emt 0:00:30] 9} 52. Ba2 Ke7 {[%emt 0:01:30] 8} 53. Bb3 Ke8 {[%emt 0:01:30] 9} 54. Kc5 Ke7 {[%emt 0:00:30] 6} 55. Kb4 Nd6 {[%emt 0:00:30] 1} 56. Kc5 Nc8 {[%emt 0:00:00] 6} 57. Kc6 Ke8 {[%emt 0:00:00] 8} 58. Ba2 Ke7 {[%emt 0:00:30] 4} 59. Kc5 Ke8 {[%emt 0:00:30] 6} 60. Kc6 Ke7 {[%emt 0:00:30] 0} 61. Kd5 Nd6 {[%emt 0:01:30] 9} 62. Kc5 Nc8 {[%emt 0:00:30] 8} 63. Kb4 Nd6 {[%emt 0:00:30] 2} 64. Kc5 Nc8 {[%emt 0:00:00] 4} 65. Kc6 Ke8 {[%emt 0:00:00] 0} 66. Bc4 Ke7 {[%emt 0:00:30] 0} 67. Bb3 Ke8 {[%emt 0:00:00] 6} 68. Bc4 Ke7 {[%emt 0:00:00] 0} 69. Ba2 Ke8 {[%emt 0:00:30] 3} 70. Bb3 Ke7 {[%emt 0:00:30] 3} 71. Kc5 Ke8 {[%emt 0:00:30] 1} 72. Kb4 Nd6 {[%emt 0:00:00] 4} 73. Ba4+ Ke7 {[%emt 0:02:00] 8} 74. Kxa3 Nc8 {[%emt 0:01:30] 2} 75. Kb4 Kd6 {[%emt 0:00:30] 4} 76. Bb3 Kxc7 {[%emt 0:01:30] ]} 77. Bxf7 Ne7 {[%emt 0:00:30] 6} 78. Kc5 Kd7 {[%emt 0:01:30] 4} 79. Kd4 Nf5+ {[%emt 0:00:30] 4} 80. Ke5 Nxh4 {[%emt 0:00:30] 8} 81. Bd5 Ke7 {[%emt 0:00:30] 9} 82. Be4 Nf5 {[%emt 0:00:30] 6} 83. Bxf5 gxf5 {[%emt 0:00:30] 3} 84. Kxf5 Kf7 {[%emt 0:00:30] ]} 85. Kf4 Kg7 {[%emt 0:00:30] 6} 86. Kf5 Kf7 {[%emt 0:00:30] 3} 87. g6+ Kg7 {[%emt 0:00:30] 6} 88. Kg5 Kg8 {[%emt 0:00:30] 6} 89. Kh5 1/2-1/2

[Event "Turkey IS Bank Super League 2017"]
[Site "Darica-Kocaeli"]
[Date "2017.07.30"]
[Round "6"]
[White "Agdelen, Huseyin Can"]
[Black "Gundogan, Cem"]
[Result "1-0"]
[ECO "C54"]
[WhiteElo "2309"]
[BlackElo "2062"]
[Annotator "NA"]
[PlyCount "71"]
[EventType "team-tourn"]
[EventCountry "TUR"]
[SourceTitle "playchess.com"]
[Source "ChessBase"]
[SourceQuality "1"]
[TimeControl "40/5400+30:1800+30"]

1. e4 e5 2. Nf3 Nc6 3. Bc4 Bc5 4. c3 Nf6 5. d3 d6 6. O-O a6 7. a4 {[%emt 0:00:30] C54: Giuoco Piano: 4 c3 Nf6, main lines with 5 d4 and 5 d3} Ba7 8. Na3 (8. Re1 h6 9. Nbd2 O-O 10. Nf1 Re8 11. Qb3 Qe7 12. a5 Rb8 13. Be3 Be6 14. Bxe6 Qxe6 15. Qxe6 Rxe6 16. Bxa7 Nxa7 {½-½ (63) Carlsen,M (2832)-Mamedyarov,S (2800) Paris 2017}) 8... O-O 9. Re1 Ne7 10. Nc2 Ng6 {[%emt 0:42:30] LiveBook: 3 Games} 11. d4 $146 ({Predecessor:} 11. Be3 h6 12. Bxa7 Rxa7 13. d4 Ra8 14. h3 a5 {½-½ (36) Aravindh,C (2593)-Sardana,R (2379) New Delhi 2017}) 11... Nxe4 12. Rxe4 d5 13. Re1 dxc4 14. Nxe5 Nxe5 15. Rxe5 c5 16. d5 Bb8 17. Re4 Bf5 18. Rxc4 Bxc2 19. Qxc2 Qxd5 20. Qe2 Bd6 21. Be3 b5 22. Rh4 Qe6 23. Qh5 Qg6 24. Qf3 Rab8 25. a5 $11 Be7 26. Rg4 Qc2 27. Bh6 g6 28. Bxf8 Qxb2 29. Rd1 Rxf8 30. Qe3 Bf6 31. Rg3 Qa3 32. h3 Qxa5 33. Qxc5 Rd8 34. Re1 Kg7 35. Rf3 Rf8 36. Rxf6 1-0

[Event "Turkey IS Bank Super League 2017"]
[Site "Darica-Kocaeli"]
[Date "2017.07.30"]
[Round "6"]
[White "Ozates, Tuna"]
[Black "Kamer, Kayra"]
[Result "1/2-1/2"]
[ECO "B40"]
[WhiteElo "2291"]
[BlackElo "2062"]
[Annotator "NA"]
[PlyCount "63"]
[EventType "team-tourn"]
[EventCountry "TUR"]
[SourceTitle "playchess.com"]
[Source "ChessBase"]
[SourceQuality "1"]
[TimeControl "40/5400+30:1800+30"]

1. e4 c5 2. Nf3 e6 3. b3 b6 4. Bb2 Bb7 5. Qe2 Nf6 {[%emt 0:00:30] B40: Sicilian: 2...e6, Unusual lines} 6. e5 Nd5 (6... Ng4 7. Nc3 Nc6 8. h3 Nh6 9. Ne4 Nf5 10. g3 d5 11. exd6 Bxd6 12. Bg2 O-O 13. O-O {1-0 (32) Shaposhnikov,E (2557)-Vitiugov,N (2721) Sochi 2016}) 7. g3 Be7 8. Bg2 O-O 9. Na3 $146 ({Predecessor:} 9. O-O d6 10. d4 cxd4 11. exd6 Qxd6 12. Nxd4 Nc6 13. Nxc6 Bxc6 {1-0 (39) Blatny,P (2535)-Brustkern,J (2289) Germany 2000}) 9... Nc6 10. O-O d6 11. exd6 Qxd6 12. Nc4 Qc7 13. Rad1 Bf6 14. Bxf6 Nxf6 15. d4 cxd4 16. Nxd4 Nxd4 17. Rxd4 Bxg2 18. Kxg2 Rad8 19. Rfd1 Rxd4 20. Rxd4 Rd8 21. Qe5 Qc6+ 22. f3 Rxd4 23. Qxd4 Qd5 24. Qf4 (24. Qe5 $5 Qd8 25. Qd6 Qxd6 26. Nxd6 $11) 24... Nd7 25. Qc7 g5 26. Qd6 Nf6 27. a4 Qf5 28. Ne3 Qg6 29. Qd4 $11 Nd5 30. Nxd5 exd5 31. Qd2 h6 32. Qe2 1/2-1/2

[Event "Turkey IS Bank Super League 2017"]
[Site "Darica-Kocaeli"]
[Date "2017.07.30"]
[Round "6"]
[White "Buyukasik, Diyap"]
[Black "Sumer, Gun"]
[Result "1-0"]
[ECO "E05"]
[WhiteElo "2285"]
[BlackElo "1965"]
[Annotator "RC"]
[PlyCount "111"]
[EventType "team-tourn"]
[EventCountry "TUR"]
[SourceTitle "playchess.com"]
[Source "ChessBase"]
[SourceQuality "1"]
[TimeControl "40/5400+30:1800+30"]

1. Nf3 Nf6 2. g3 e6 3. Bg2 d5 4. O-O Be7 5. c4 O-O 6. d4 dxc4 7. Qc2 a6 8. a4 Bd7 9. Qxc4 Bc6 10. Bf4 Bd6 11. Bxd6 cxd6 12. Nc3 Nbd7 13. b4 Rc8 14. Qd3 Bxf3 15. Bxf3 d5 16. Rfc1 Rc4 17. Na2 Nb6 18. a5 Rxc1+ 19. Nxc1 Nc4 20. Nb3 b6 21. Nd2 b5 22. Nb3 Qd6 23. Nc5 h5 24. Qc3 g6 25. Rd1 Rc8 26. Qc1 Kg7 27. Qg5 Nb2 28. Re1 Nc4 29. h3 Re8 30. Rd1 Nb2 31. Rc1 Nc4 32. Kg2 e5 33. dxe5 Rxe5 34. Qf4 Ne4 35. Bxe4 dxe4 36. Nxe4 Qd5 37. f3 Rf5 38. Qc7 Qd4 39. g4 hxg4 40. hxg4 Rd5 41. Rh1 Ne3+ 42. Kg3 Qe5+ 43. Qxe5+ Rxe5 44. Rc1 Re6 45. Rc5 Nc4 46. Rd5 Ne3 47. Rc5 Kf8 48. Rc8+ Ke7 49. Nc5 Rd6 50. Ra8 Nc2 51. Nxa6 g5 52. Nc7 Nxb4 53. Nxb5 Rd2 54. a6 Rxe2 55. a7 Ra2 56. Rc8 1-0

[Event "Turkey IS Bank Super League 2017"]
[Site "Darica-Kocaeli"]
[Date "2017.07.30"]
[Round "6"]
[White "Burcu, Cagatay"]
[Black "Tirak, Mert"]
[Result "1-0"]
[ECO "E62"]
[WhiteElo "2268"]
[BlackElo "1909"]
[Annotator "NA"]
[PlyCount "87"]
[EventType "team-tourn"]
[EventCountry "TUR"]
[SourceTitle "playchess.com"]
[Source "ChessBase"]
[SourceQuality "1"]
[TimeControl "40/5400+30:1800+30"]

1. d4 Nf6 2. Nf3 g6 3. c4 Bg7 4. g3 O-O 5. Bg2 d6 6. O-O Nc6 7. Nc3 e5 8. dxe5 dxe5 9. Bg5 Be6 10. Nd5 Bxd5 {[%emt 0:06:00] E62: King's Indian: Fianchetto: 6...c6 and Panno Variation (6...Nc6) without ...a6} 11. Bxf6 Bxf6 {[%emt 0:00:30] LiveBook: 6 Games} 12. cxd5 Nd4 (12... Ne7 13. e4 Qd7 14. Qb3 c6 15. dxc6 Nxc6 {½-½ (15) Berkes,F (2648)-Naiditsch,A (2689) Hungary 2016}) 13. Nd2 Bg7 14. Rc1 $146 ({Find the theoretical novelty and annotate with similar games:} 14. e3 Nb5 15. Rc1 Nd6 16. f4 f5 17. Qc2 e4 18. Rfd1 {1-0 (80) Cerveny,M (2395)-Havlik,J (2374) Prague 2016}) 14... Rc8 15. a4 c5 16. e3 Nf5 17. Bh3 Rc7 18. Ne4 b6 (18... Nd6 $14 19. Nxc5 Re8) 19. d6 Rd7 20. Qf3 Re8 21. Bxf5 gxf5 22. Qxf5 Re6 23. Rfd1 h6 24. Rd2 Bf8 25. Rcd1 Bg7 $18 26. h4 Kf8 27. Kh2 Kg8 28. Kh3 Bf6 29. Rc1 Bg7 30. g4 Bf6 31. g5 hxg5 32. Rg1 Rdxd6 33. Nxd6 Rxd6 34. Rxd6 Qxd6 35. hxg5 Bg7 36. g6 fxg6 37. Rxg6 Qe7 38. Rc6 Bf8 39. Qg4+ Kh8 40. Qh5+ Kg8 41. Qg6+ Kh8 42. Rf6 Qd7+ 43. Kg3 e4 44. Rxf8# 1-0

[Event "Turkey IS Bank Super League 2017"]
[Site "Darica-Kocaeli"]
[Date "2017.07.30"]
[Round "6"]
[White "Samani, Yamac"]
[Black "Ererdem, Gani Eren"]
[Result "1-0"]
[ECO "C90"]
[WhiteElo "2263"]
[BlackElo "2090"]
[Annotator "NA"]
[PlyCount "43"]
[EventType "team-tourn"]
[EventCountry "TUR"]
[SourceTitle "playchess.com"]
[Source "ChessBase"]
[SourceQuality "1"]
[TimeControl "40/5400+30:1800+30"]

1. e4 e5 2. Nf3 Nc6 3. Bb5 a6 4. Ba4 Nf6 5. O-O Be7 6. Re1 b5 7. Bb3 d6 8. a4 Bg4 9. c3 O-O 10. h3 Bh5 11. d3 {[%emt 0:00:30] C90: Closed Ruy Lopez with 7...d6: Early deviations} Nd7 (11... Na5 12. Bc2 c5 13. Nbd2 b4 14. Qe2 Qc7 15. Nf1 bxc3 16. bxc3 c4 17. Bg5 cxd3 18. Bxd3 Nb3 {½-½ (39) Czarnota,P (2540)-Postny,E (2625) Achaea 2016}) 12. Bd5 Na7 13. Bxa8 Qxa8 14. axb5 $146 ({Find the theoretical novelty and annotate with similar games:} 14. Nbd2 Nc5 15. axb5 Nxd3 16. Re3 Nxc1 17. g4 Bg6 18. bxa6 h5 19. Qxc1 hxg4 20. hxg4 {1-0 (37) Sousa,A (2251)-Viterbo Ferreira,J (2488) Mirandela 2015}) 14... Nxb5 15. Nbd2 Nc5 16. g4 Bg6 17. Nf1 Rd8 18. c4 Nd4 19. Nxd4 exd4 20. b4 $18 Nd7 21. f4 f6 22. Qa4 1-0

[Event "Turkey IS Bank Super League 2017"]
[Site "Darica-Kocaeli"]
[Date "2017.07.30"]
[Round "6"]
[White "Apaydin, Fethi"]
[Black "Kiremitciyan, Ari"]
[Result "1-0"]
[ECO "C14"]
[WhiteElo "2258"]
[BlackElo "2240"]
[Annotator "NA"]
[PlyCount "49"]
[EventType "team-tourn"]
[EventCountry "TUR"]
[SourceTitle "playchess.com"]
[Source "ChessBase"]
[SourceQuality "1"]
[TimeControl "40/5400+30:1800+30"]

1. e4 e6 2. d4 d5 3. Nc3 Nf6 4. Bg5 Be7 5. e5 Nfd7 6. h4 O-O 7. Bd3 c5 8. dxc5 Nxe5 9. Bxh7+ Kxh7 10. Bxe7 Qxe7 11. Qh5+ Kg8 12. Qxe5 Qxc5 13. Nf3 Nc6 14. Qh5 $11 e5 15. g4 Nd4 16. Ng5 Nxc2+ 17. Ke2 Bxg4+ 18. Qxg4 Nxa1 19. Rxa1 Rad8 20. Qh5 Qc4+ 21. Ke1 Qd3 22. Nce4 Rfe8 23. Qxf7+ Kh8 24. Qh5+ Kg8 25. Qh7+ 1-0

[Event "Turkey IS Bank Super League 2017"]
[Site "Darica-Kocaeli"]
[Date "2017.07.30"]
[Round "6"]
[White "Avramidou, Anastasia"]
[Black "Gundogan, Sinem Cagla"]
[Result "1-0"]
[ECO "D13"]
[WhiteElo "2247"]
[BlackElo "2000"]
[Annotator "NA"]
[PlyCount "57"]
[EventType "team-tourn"]
[EventCountry "TUR"]
[SourceTitle "playchess.com"]
[Source "ChessBase"]
[SourceQuality "1"]
[TimeControl "40/5400+30:1800+30"]

1. d4 d5 2. c4 c6 3. cxd5 cxd5 4. Bf4 Nf6 5. Nc3 Nc6 6. e3 e6 7. Bd3 Be7 8. h3 O-O 9. Nf3 a6 10. O-O b5 11. Rc1 Bb7 12. Ne5 {[%emt 0:06:30] D13: Slav Defence: Exchange variation without ...Bf5} Nxe5 13. Bxe5 Qa5 $146 {[%emt 0:37:00] [#]} ({Predecessor:} 13... Rc8 $11 {remains equal.} 14. Ne2 Qa5 15. Rxc8 Rxc8 16. Qb1 g6 17. Rc1 Qd8 18. Rxc8 Qxc8 19. Qc1 Ne4 20. f3 Nd6 21. Qxc8+ Bxc8 22. b3 h5 {½-½ (22) Platzgummer,F (2351)-Moser,E (2440) Oberwart 2010}) 14. Qc2 ({Of course not} 14. Bxf6 Bxf6 15. Qf3 Rfc8 $11) (14. Nxb5 $1 $16 Rfc8 (14... axb5 15. Rc7) 15. Rxc8+ Bxc8 16. Nc3) 14... Rfc8 15. Bxf6 $1 Bxf6 16. Bxh7+ Kf8 17. Bd3 Bc6 18. Qb1 b4 19. Ne2 Bb5 20. Nf4 Bg5 (20... g6 $16) 21. Bxb5 Rxc1 22. Rxc1 ({Don't take} 22. Qxc1 $6 Qxb5 23. Qc2 Bxf4 $16) 22... axb5 23. Qh7 Bh6 24. Nd3 Ke7 25. Ne5 Qb6 26. Rc6 Qb7 27. Qc2 Ra7 $18 28. Ng4 f5 29. Qc5+ 1-0

[Event "Turkey IS Bank Super League 2017"]
[Site "Darica-Kocaeli"]
[Date "2017.07.30"]
[Round "6"]
[White "Kesgin, Halit Kaan"]
[Black "Tuna, Alp"]
[Result "1/2-1/2"]
[ECO "B19"]
[WhiteElo "2207"]
[BlackElo "2280"]
[Annotator "ChessBase"]
[PlyCount "46"]
[EventType "team-tourn"]
[EventCountry "TUR"]
[SourceTitle "playchess.com"]
[Source "ChessBase"]
[SourceQuality "1"]
[TimeControl "40/5400+30:1800+30"]

1. e4 c6 2. d4 d5 3. Nc3 dxe4 4. Nxe4 Bf5 5. Ng3 Bg6 6. Nf3 Nd7 7. h4 h6 8. h5 Bh7 9. Bd3 Bxd3 10. Qxd3 e6 11. Bd2 Ngf6 12. O-O-O Be7 13. Qe2 O-O 14. Nf1 c5 15. g4 cxd4 16. g5 Nd5 17. gxh6 Qb6 18. Rg1 Ba3 19. Rxg7+ Kh8 20. Rh7+ Kg8 21. Rg7+ Kh8 22. Rh7+ Kg8 23. Rg7+ Kh8 1/2-1/2

[Event "Turkey IS Bank Super League 2017"]
[Site "Darica-Kocaeli"]
[Date "2017.07.30"]
[Round "6"]
[White "Tanriverdi, Enes"]
[Black "Ozen, Bahadir"]
[Result "0-1"]
[ECO "E94"]
[WhiteElo "2203"]
[BlackElo "2315"]
[Annotator "NA"]
[PlyCount "80"]
[EventType "team-tourn"]
[EventCountry "TUR"]
[SourceTitle "playchess.com"]
[Source "ChessBase"]
[SourceQuality "1"]
[TimeControl "40/5400+30:1800+30"]

1. d4 d6 2. Nf3 g6 3. c4 Bg7 4. Nc3 Nd7 5. e4 e5 6. Bg5 Ngf6 7. Be2 {[%emt 0:02:30] LiveBook: 13 Games} c6 8. O-O O-O 9. dxe5 dxe5 10. Qc2 Qe7 11. Rfd1 Nc5 12. h3 Ne6 13. Be3 Nh5 14. c5 Nxc5 15. Nd5 cxd5 16. Bxc5 Qc7 17. Rac1 dxe4 18. Qxe4 Bf5 19. Qe3 Rfd8 20. Rxd8+ ({White should play} 20. g4 $16) 20... Rxd8 21. g4 Nf4 22. gxf5 b6 23. Bc4 (23. Bf1 $15 bxc5 24. Rxc5) 23... bxc5 24. Ng5 Qb7 25. Qg3 Rd7 26. Re1 $19 Qb4 27. Re4 Qxc4 28. Rxc4 Ne2+ 29. Kf1 Nxg3+ 30. fxg3 gxf5 31. Rxc5 Bf6 32. Nf3 Rd3 33. Ke2 e4 34. Nd2 Rxg3 35. Rxf5 Rg2+ 36. Kd1 e3 37. Nf3 Kg7 38. Rb5 Rf2 39. Ne1 Bxb2 40. Nc2 Rd2+ 0-1

[Event "Turkey IS Bank Super League 2017"]
[Site "Darica-Kocaeli"]
[Date "2017.07.30"]
[Round "6"]
[White "Yilmaz, Goktan"]
[Black "Arat, Ufuk Sezen"]
[Result "1-0"]
[ECO "B15"]
[WhiteElo "2202"]
[BlackElo "2400"]
[Annotator "ChessBase"]
[PlyCount "81"]
[EventType "team-tourn"]
[EventCountry "TUR"]
[SourceTitle "playchess.com"]
[Source "ChessBase"]
[SourceQuality "1"]
[TimeControl "40/5400+30:1800+30"]

1. e4 c6 2. d4 d5 3. Nc3 h6 4. Nf3 dxe4 5. Nxe4 Bf5 6. Bd3 e6 7. O-O Nf6 8. Nxf6+ Qxf6 9. Bxf5 Qxf5 10. c4 Na6 11. a3 Be7 12. Qb3 O-O-O 13. Be3 Bf6 14. Qa4 g5 15. b4 g4 16. Ne5 Bxe5 17. dxe5 Qxe5 18. b5 Nb8 19. Qxa7 Rd7 20. Rab1 h5 21. Qa8 c5 22. Rfe1 h4 23. b6 Rd6 24. g3 hxg3 25. fxg3 f6 26. Bf4 Qd4+ 27. Be3 Qe5 28. Bf4 Qh5 29. Rb2 e5 30. Be3 Rd3 31. a4 Qh7 32. a5 Ra3 33. Rd2 Qe4 34. Bf2 Qh7 35. Be3 f5 36. Red1 Rd3 37. Rxd3 Qxh2+ 38. Kf1 Qh3+ 39. Ke1 Qxg3+ 40. Bf2 Qg2 41. Qxb8+ 1-0

[Event "Turkey IS Bank Super League 2017"]
[Site "Darica-Kocaeli"]
[Date "2017.07.30"]
[Round "6"]
[White "Bozbey, Ali"]
[Black "Tofan, Ibrahim"]
[Result "0-1"]
[ECO "C00"]
[WhiteElo "2139"]
[BlackElo "2194"]
[Annotator "NA"]
[PlyCount "92"]
[EventType "team-tourn"]
[EventCountry "TUR"]
[SourceTitle "playchess.com"]
[Source "ChessBase"]
[SourceQuality "1"]
[TimeControl "40/5400+30:1800+30"]

1. e4 e6 2. d3 d5 3. Nd2 b6 4. g3 Bb7 5. Bg2 Nf6 6. Qe2 c5 {[%emt 0:02:30] C00: French: Unusual White 2nd moves} 7. Ngf3 Nc6 (7... Be7 8. O-O Nc6 9. e5 Nd7 10. c4 dxc4 11. dxc4 Qc7 12. Re1 O-O 13. Nb3 Rfd8 {0-1 (69) Sandipan,C (2579)-Meijers,V (2514) Beijing 2008}) 8. O-O Qc7 9. exd5 $146 ({Find the theoretical novelty and annotate with similar games:} 9. c3 Be7 10. Re1 O-O 11. e5 Nd7 12. Nf1 Rfe8 13. Bf4 Nf8 14. h4 Ng6 15. Bg5 Bxg5 16. hxg5 Kf8 17. N1h2 Ke7 18. Ng4 Kd7 19. Qd2 Nce7 {1-0 (66) Agrest,S (2260)-Bratholm,P (2098) Helsingor 2009}) 9... Nxd5 10. Nc4 Be7 11. Bg5 Bxg5 12. Nxg5 Nd4 13. Qd2 O-O 14. c3 Nf5 15. Ne3 Ndxe3 16. fxe3 Bxg2 17. Kxg2 h6 18. Nf3 Rad8 19. e4 Ne7 20. Qe2 e5 21. Rad1 f6 22. d4 cxd4 23. cxd4 exd4 24. Nxd4 Qe5 25. Qc4+ Kh8 26. Rfe1 Rc8 27. Qb3 Rfd8 28. Nf3 Qc7 29. Rxd8+ Rxd8 30. e5 f5 31. Re2 Qc6 32. Kf2 Qc5+ $11 33. Qe3 Qa5 34. a3 Rd1 35. e6 Kh7 36. h4 Qb5 37. Qc3 Rd3 38. Qe5 Qc6 39. Qf4 Qc5+ 40. Kg2 Ng6 41. Qb8 Qd5 42. Rf2 Rxf3 43. Rxf3 Ne5 44. e7 Qxf3+ 45. Kg1 Qe3+ 46. Kf1 Nd3 0-1

[Event "Turkey IS Bank Super League 2017"]
[Site "Darica-Kocaeli"]
[Date "2017.07.30"]
[Round "6"]
[White "Dolgun, Can"]
[Black "Tasdogen, Dincer"]
[Result "0-1"]
[ECO "B35"]
[WhiteElo "2104"]
[BlackElo "2215"]
[Annotator "ChessBase"]
[PlyCount "118"]
[EventType "team-tourn"]
[EventCountry "TUR"]
[SourceTitle "playchess.com"]
[Source "ChessBase"]
[SourceQuality "1"]
[TimeControl "40/5400+30:1800+30"]

1. e4 c5 2. Nf3 Nc6 3. d4 cxd4 4. Nxd4 g6 5. Nc3 Bg7 6. Be3 Nf6 7. Bc4 O-O 8. Bb3 a5 9. O-O Nxd4 10. Bxd4 d6 11. Nd5 Nd7 12. Bxg7 Kxg7 13. f4 b5 14. c3 Bb7 15. Qd4+ Kg8 16. f5 a4 17. Bc2 Bxd5 18. exd5 a3 19. b3 Qb6 20. Qxb6 Nxb6 21. f6 exf6 22. Bd3 Rac8 23. Bxb5 Rxc3 24. Bc6 f5 25. Rfe1 Rc8 26. Kf2 Kg7 27. Rad1 Rc7 28. Rd4 Nc8 29. b4 Kf6 30. b5 Nb6 31. Rd2 Re7 32. Red1 Nc4 33. Re2 Nb6 34. Red2 Nc4 35. Re2 Nb6 36. Red2 Rce3 37. Kf1 g5 38. Rd3 f4 39. R1d2 Nc4 40. Rd1 Nb6 41. R1d2 Nc4 42. Rd1 Nb2 43. Rxe3 fxe3 44. Re1 Nd3 45. Re2 Nf4 46. b6 Nxe2 47. Kxe2 Re4 48. b7 Rb4 49. Kxe3 g4 50. g3 Ke5 51. Kd3 f5 52. Kc3 Rb6 53. Kd3 f4 54. gxf4+ Kxf4 55. Ke2 h5 56. Kf2 h4 57. Kg2 Rb2+ 58. Kf1 g3 59. hxg3+ Kxg3 0-1

[Event "Turkey IS Bank Super League 2017"]
[Site "Darica-Kocaeli"]
[Date "2017.07.30"]
[Round "6"]
[White "Ozenir, Ekin Baris"]
[Black "Tarlabasi, Emirhan"]
[Result "1/2-1/2"]
[ECO "D35"]
[WhiteElo "2098"]
[BlackElo "2046"]
[Annotator "NA"]
[PlyCount "73"]
[EventType "team-tourn"]
[EventCountry "TUR"]
[SourceTitle "playchess.com"]
[Source "ChessBase"]
[SourceQuality "1"]
[TimeControl "40/5400+30:1800+30"]

1. d4 d5 2. c4 e6 3. Nc3 Nf6 4. cxd5 exd5 5. Bf4 c6 6. Qc2 Na6 7. a3 g6 8. e3 Bf5 9. Bd3 Bxd3 10. Qxd3 Bd6 11. Bg5 Be7 12. Nf3 O-O 13. Bxf6 Bxf6 14. b4 Nc7 15. O-O a6 16. a4 Qe7 $11 17. b5 axb5 18. axb5 Ne6 19. Rfc1 Rfd8 20. Rxa8 Rxa8 21. bxc6 bxc6 22. Qc2 Qa7 23. Ne1 Be7 24. Nd3 Bd6 25. h3 Qa6 26. Nb1 Nd8 27. Nd2 Qa4 28. Qxa4 Rxa4 29. Nc5 Bxc5 30. Rxc5 Ra1+ 31. Nf1 Kf8 32. g4 Ke7 33. Kg2 Kd6 34. Nd2 Ne6 35. Rc2 f6 36. h4 h6 37. Nf3 1/2-1/2